 Dungeon Crawl Stone Soup version 0.20-a0-263-g81abdfb (webtiles) character file.

147 Gorice the Bolt Thrower (level 5, -4/29 HPs)
             Began as a Kobold Arcane Marksman on Dec 4, 2016.
             Was an Initiate of Okawaru.
             Slain by a killer bee zombie (7 damage)
             ... on level 3 of the Dungeon.
             The game lasted 00:14:19 (2524 turns).

Gorice the Bolt Thrower (Kobold Arcane Marksman)    Turns: 2524, Time: 00:14:20

Health: -4/29      AC:  8    Str:  9    XL:     5   Next: 55%
Magic:  3/6        EV: 13    Int: 14    God:    Okawaru [......]
Gold:   151        SH:  0    Dex: 15    Spells: 3/6 levels left

rFire  . . .     SeeInvis .     a - +0 short sword
rCold  . . .     Gourm    .     t - +0 ring mail
rNeg   . . .     Faith    .     (shield restricted)
rPois  .         Spirit   .     k - +1 helmet
rElec  .         Reflect  .     (no cloak)
rCorr  .         Harm     .     n - +0 pair of gloves
MR     .....                    (no boots)
Stlth  ++........               (no amulet)
                                h - ring of stealth
                                q - ring of wizardry

@: very slightly contaminated
A: carnivore 3
a: Renounce Religion


You were on level 3 of the Dungeon.
You worshipped Okawaru.
Okawaru was noncommittal.
You were very full.

You visited 1 branch of the dungeon, and saw 3 of its levels.

You collected 151 gold pieces.

Inventory:

Hand Weapons
 a - a +0 short sword (weapon)
 b - a +0 hand crossbow
 j - a +0 hand axe
Missiles
 d - 8 bolts
 m - 28 sling bullets
 Z - 90 stones (quivered)
Armour
 e - a +0 robe
 g - a +0 plate armour
 k - a +1 helmet (worn)
 n - a +0 pair of gloves (worn)
 r - a +0 scale mail
 t - a +0 ring mail (worn)
Jewellery
 h - a ring of stealth (right hand)
 q - a ring of wizardry (left hand)
Scrolls
 u - 2 scrolls of remove curse {unknown}
Potions
 i - a potion of cancellation {!q}
 o - a potion of lignification {unknown}
 s - a potion of brilliance {unknown}
Books
 c - a book of Debilitation
Comestibles
 f - 2 meat rations {!e}
 v - a chunk of flesh


   Skills:
 - Level 1.1 Fighting
 + Level 2.1 Short Blades
 + Level 4.8 Crossbows
 - Level 2.4 Dodging
 - Level 1.1 Spellcasting
 + Level 4.2 Hexes


You had 3 spell levels left.
You knew the following spells:

 Your Spells              Type           Power        Failure   Level  Hunger
a - Corona                Hex            ##.....      7%          1    ##.....
b - Slow                  Hex            ##......     10%         2    ###....


Dungeon Overview and Level Annotations

Branches:
Dungeon (3/15)

Altars:
Ashenzari
Cheibriados
Gozag
Hepliaklqana
Makhleb
Okawaru
Uskayaw
Zin


Innate Abilities, Weirdness & Mutations

You are small and have problems with some larger weapons.
You are carnivorous and can eat meat at any time.


Message History

The killer bee zombie hits you but does no damage.
You hit the killer bee zombie.
The killer bee zombie is lightly damaged.
The killer bee zombie hits you. x2
Damage: 5 (max 5)
You hit the killer bee zombie.
The killer bee zombie is moderately damaged.
The killer bee zombie hits you. x2
Damage: 5 (max 5)
You barely miss the killer bee zombie.
The killer bee zombie is moderately damaged.
The killer bee zombie hits you.
The killer bee zombie closely misses you.
Damage: 2 (max 5)
You hit the killer bee zombie.
The killer bee zombie is heavily damaged.
The killer bee zombie hits you!
* * * LOW HITPOINT WARNING * * *
Damage: 7 (max 7)
You hit the killer bee zombie.
The killer bee zombie is severely damaged.
The killer bee zombie hits you but does no damage. x2
You hit the killer bee zombie but do no damage.
The killer bee zombie is severely damaged.
The killer bee zombie barely misses you.
The killer bee zombie hits you.
* * * LOW HITPOINT WARNING * * *
Damage: 1 (max 7)
You hit the killer bee zombie but do no damage.
The killer bee zombie is severely damaged.
The killer bee zombie hits you but does no damage.
The killer bee zombie closely misses you.
You hit the killer bee zombie.
The killer bee zombie is almost destroyed.
The killer bee zombie hits you.
* * * LOW HITPOINT WARNING * * *
Damage: 5 (max 7)
You feel better.
The killer bee zombie stops glowing.
The killer bee zombie misses you. The killer bee zombie hits you.
* * * LOW HITPOINT WARNING * * *
You hit the killer bee zombie but do no damage.
The killer bee zombie is almost destroyed.
The killer bee zombie hits you but does no damage.
The killer bee zombie hits you.
* * * LOW HITPOINT WARNING * * *
Damage: 6 (max 7)
You closely miss the killer bee zombie.
The killer bee zombie is almost destroyed.
The killer bee zombie hits you!
You die...

#...#####..#### #.......
###...........## ##.#.....
##########...#######..####..
##..#...[..........
#....########..... #....#
##.... #...)#########.#..
#........#.....#..
#####@#.##.....#####..
#####..(Z.#....##.## #..
#.....######..###..#####..
.....$.......# ##.#
##........ ....(.........#
### ###......
...(..........# ##.##...
.....>........# ###..##...
..............#
#######...###...
..............# #.......###
#...


You could see a killer bee zombie.

Vanquished Creatures
  A hound (D:3)
  5 adders
  4 dart slugs (D:1)
  6 leopard geckos
  A giant cockroach (D:1)
  10 goblins
  6 hobgoblins
  4 kobolds
  2 quokkas (D:3)
  7 bats
  4 frilled lizards
  10 rats
60 creatures vanquished.

Notes
Turn   | Place    | Note
-------+----------+-------------------------------------------
     0 | D:1      | Gorice the Kobold Arcane Marksman began the quest for the Orb.
     0 | D:1      | Reached XP level 1. HP: 12/12 MP: 2/2
    69 | D:1      | Reached XP level 2. HP: 16/16 MP: 0/3
    88 | D:1      | Reached skill level 3 in Crossbows
   333 | D:1      | Reached XP level 3. HP: 20/20 MP: 2/4
   667 | D:1      | Reached skill level 4 in Crossbows
   807 | D:2      | Reached XP level 4. HP: 25/25 MP: 3/5
   866 | D:2      | Found a hazy altar of Hepliaklqana.
   868 | D:2      | Found an iron altar of Okawaru.
   868 | D:2      | Found a glowing silver altar of Zin.
   868 | D:2      | Found a shattered altar of Ashenzari.
   877 | D:2      | Found a snail-covered altar of Cheibriados.
   877 | D:2      | Found a hide-covered altar of Uskayaw.
   902 | D:2      | Became a worshipper of Warmaster Okawaru
   941 | D:2      | Found an opulent altar of Gozag.
  1837 | D:2      | Reached skill level 1 in Short Blades
  1858 | D:2      | Learned a level 2 spell: Slow
  2048 | D:3      | Found a burning altar of Makhleb.
  2061 | D:3      | Reached skill level 2 in Short Blades
  2061 | D:3      | Reached skill level 4 in Hexes
  2061 | D:3      | Reached XP level 5. HP: 25/29 MP: 4/6
  2521 | D:3      | HP: 4/29 [killer bee zombie (5)]
  2524 | D:3      | Slain by a killer bee zombie

Vault maps used:
D:1:      minmay_arrival_checkered_box
D:2:      minmay_overflow_temple_hex, nicolae_overflow_crystal_walls
D:3:      makhleb_blood_cavern_becter, first_bread

Skill      XL: |  1  2  3  4 |
---------------+-------------+-----
Crossbows      | 3 4 |  4.8
Short Blades   | 2 |  2.1
Hexes          | 4 |  4.2
Fighting       | |  1.1
Dodging        | |  2.4
Spellcasting   | |  1.1

Action                   |  1- 3 |  4- 6 || total
-------------------------+-------+-------++-------
Melee: Short sword       |       |    76 ||    76
 Fire: Hand crossbow     |    56 |    19 ||    75
Throw: Tomahawk          |       |    35 ||    35
       Stone             |       |     8 ||     8
 Cast: Corona            |    23 |    33 ||    56
       Slow              |       |     1 ||     1
  Use: Scroll            |     2 |     3 ||     5
       Potion            |       |     1 ||     1
  Eat: Chunk             |     9 |     6 ||    15
Armor: Robe              |     3 |     7 ||    10
       Ring mail         |       |    25 ||    25
Dodge: Dodged            |    22 |    69 ||    91

Table legend:
 A = Turns spent in this place as a percentage of turns spent in the entire game.
 B = Non-inter-level travel turns spent in this place as a percentage of non-inter-level travel turns spent in the entire game.
 C = Inter-level travel turns spent in this place as a percentage of turns spent in this place.
 D = Turns resting spent in this place as a percentage of non-inter-level travel turns spent in this place.
 E = Turns spent auto-exploring this place as a percentage of non-inter-level travel turns spent in this place.
 F = Non-inter-level travel turns spent in this place divided by the number of levels of this place that you've seen.
                   A       B       C       D       E      F
               +-------+-------+-------+-------+-------+----------------------
         Total | 100.0 | 100.0 |   0.2 |   0.7 |   5.9 | 333.0
       Dungeon | 100.0 | 100.0 |   0.2 |   0.7 |   5.9 | 333.0
               +-------+-------+-------+-------+-------+----------------------

Vault maps used:
D:1:      minmay_arrival_checkered_box
D:2:      minmay_overflow_temple_hex, nicolae_overflow_crystal_walls
D:3:      makhleb_blood_cavern_becter, first_bread
